 Dungeon Crawl Stone Soup version 0.18-a0-1225-g5d63bca (webtiles) character file.

12110 Chiseanne the Fighter (level 11, -8/102 HPs)
             Began as a Centaur Air Elementalist on Feb 3, 2016.
             Was an Initiate of Gozag.
             Mangled by a hill giant
             ... wielding a +0 giant club
              (12 damage)
             ... on level 10 of the Dungeon.
             The game lasted 00:57:12 (18727 turns).

Chiseanne the Fighter (Centaur Air Elementalist)   Turns: 18727, Time: 00:57:12

Health: -8/102     AC: 17    Str: 16    XL:     11   Next: 58%
Magic:  24/24      EV:  9    Int: 17    God:    Gozag
Gold:   377        SH:  0    Dex:  9    Spells: 6 memorised, 9 levels left

rFire  + . .     SeeInvis .     f - +2 scythe (flame)
rCold  . . .     Gourm    .     M - +1 robe of Faevvait {rF+ Str+4} (curse)
rNeg   . . .     Faith    .     (shield currently unavailable)
rPois  +         Spirit   .     k - +0 helmet
rElec  .         Dismiss  .     C - +2 cloak
rCorr  .         Reflect  .     u - +0 pair of gloves
SustAt .         Harm     .     (no barding)
MR     .....                    (no amulet)
Stlth  +.........               z - ring "Enotav" {Wiz rPois}
                                q - +3 ring of protection

@: gold aura, very quick, not resistant to hostile enchantments, very unstealthy
A: hooves 3, iridescent scales 1, deformed body, speed 2, tough skin 3
a: Potion Petition, Call Merchant, Bribe Branch, Renounce Religion


You were on level 10 of the Dungeon.
You worshipped Gozag.
Gozag was noncommittal.
You were not hungry.

You visited 2 branches of the dungeon, and saw 12 of its levels.

You collected 2282 gold pieces.
You spent 801 gold pieces at shops.
You paid 1104 gold pieces to Gozag.

Inventory:

Hand Weapons
 a - a +3 dagger of venom
 d - a +3 morningstar of freezing
 f - a +2 scythe of flaming (weapon)
 s - a +1 whip of electrocution
 w - a +0 blowgun
 I - the +1 trident of Abuse {freeze, +Blink Int-3 Dex+2}
   (You found it on level 6 of the Dungeon)

   It has been specially enchanted to freeze those struck by it, causing extra
   injury to most foes and up to half again as much damage against particularly
   susceptible opponents.
   It can also slow down cold-blooded creatures.
   It affects your intelligence (-3).
   It affects your dexterity (+2).
   It lets you blink.
 P - a +0 rapier of speed
Missiles
 g - 153 arrows
 l - 64 bolts
 r - a throwing net (quivered)
 y - 26 bolts of frost
 E - 14 tomahawks
 K - 41 poisoned needles
 N - 2 javelins
Armour
 k - a +0 helmet (worn)
 u - a +0 pair of gloves (worn)
 C - a +2 cloak (worn)
 M - the cursed +1 robe of Faevvait (worn) {rF+ Str+4}
   (You bought it in a shop on level 7 of the Dungeon)

   It affects your strength (+4).
   It protects you from fire.
   It has a curse placed upon it.
Jewellery
 q - a +3 ring of protection (left hand)
 z - the ring "Enotav" (right hand) {Wiz rPois}
   (You bought it in a shop on level 10 of the Dungeon)

   [ring of wizardry]

   It improves your spell success rate.
   It protects you from poison.
 B - an uncursed ring of resist corrosion
 H - an uncursed ring of positive energy
Wands
 A - a wand of digging (0/24)
 J - a wand of lightning (0/15)
 L - a wand of acid (0/15)
 O - a wand of random effects (0/48)
Scrolls
 e - 3 scrolls of amnesia
 p - a scroll of teleportation
 D - 11 scrolls of remove curse
 R - a scroll of identify
Potions
 j - 2 potions of cancellation
 m - a potion of magic
 n - a potion of brilliance
 o - a potion of flight
 t - 4 potions of curing
 F - a potion of lignification
 G - a potion of ambrosia
Books
 b - a book of Air

   Spells                             Type                      Level
   a - Shock                          Conjuration/Air              1
   b - Swiftness                      Charms/Air                   2
   c - Repel Missiles                 Charms/Air                   2
   d - Static Discharge               Conjuration/Air              3
   e - Lightning Bolt                 Conjuration/Air              5
 c - a book of Annihilations

   Spells                             Type                      Level
   a - Poison Arrow                   Conjuration/Poison           6
   b - Chain Lightning                Conjuration/Air              8
   c - Lehudib's Crystal Spear        Conjuration/Earth            8
   d - Glaciate                       Conjuration/Ice              9
   e - Fire Storm                     Conjuration/Fire             9
 i - a book of the Sky

   Spells                             Type                      Level
   a - Summon Lightning Spire         Summoning/Air                4
   b - Airstrike                      Air                          4
   c - Silence                        Hexes/Air                    5
   d - Deflect Missiles               Charms/Air                   6
   e - Conjure Ball Lightning         Conjuration/Air              6
   f - Tornado                        Air                          9
 v - a book of Geomancy

   Spells                             Type                      Level
   a - Sandblast                      Earth                        1
   b - Stoneskin                      Transmutation/Earth          2
   c - Passwall                       Transmutation/Earth          3
   d - Stone Arrow                    Conjuration/Earth            3
   e - Petrify                        Transmutation/Earth          4
   f - Lee's Rapid Deconstruction     Earth                        5
 Q - a book of Enchantments

   Spells                             Type                      Level
   a - Cause Fear                     Hexes                        4
   b - Yara's Violent Unravelling     Hexes/Transmutation          5
   c - Silence                        Hexes/Air                    5
   d - Deflect Missiles               Charms/Air                   6
   e - Haste                          Charms                       6
   f - Discord                        Hexes                        8
Comestibles
 h - 3 meat rations


   Skills:
 * Level 11.3 Fighting
 - Level 1.3 Dodging
 - Level 1.2 Stealth
 * Level 9.1 Spellcasting
 - Level 0.8 Conjurations
 * Level 8.9 Air Magic


You had 9 spell levels left.
You knew the following spells:

 Your Spells              Type           Power        Failure   Level  Hunger
a - Shock                 Conj/Air       ###.         1%          1    None
b - Repel Missiles        Chrm/Air       ###...       1%          2    None
c - Static Discharge      Conj/Air       ###.....     1%          3    None
d - Airstrike             Air            #####.....   1%          4    ###....
e - Summon Lightning Spi  Summ/Air       ###.....     7%          4    ###....
f - Lightning Bolt        Conj/Air       ###.......   16%         5    #####..


Dungeon Overview and Level Annotations

Branches:
Dungeon (11/15)            Temple (1/1) D:5            Lair (0/8) D:8
    Orc: D:9-12

Altars:
Ashenzari
Cheibriados
Dithmenos
Elyvilon
Fedhas
Gozag
Kikubaaqudgha
Makhleb
Nemelex Xobeh
Okawaru
Pakellas
Qazlal
Ru
Sif Muna
Trog
Vehumet
Xom
Yredelemnul
Zin
The Shining One

Shops:
D:5 [   D:6 (   D:7 [   D:10 :=   D:11 !

Annotations:
D:8 Mygna's ghost, novice DrCj
D:9 exclusion: oklob plant


Innate Abilities, Weirdness & Mutations

You have hooves in place of feet.
Armour fits poorly on your strangely shaped body.
You cover ground very quickly.
You have extremely tough skin (AC +3).
You are partially covered in iridescent scales (AC +4).


Message History

The orc hits you but does no damage. The orc hits you with a mace.
The hill giant hits you with a giant club!!!
The orc hits you but does no damage.
You hear a shout!
You climb upwards.
There is a stone staircase leading down, spattered with blood here.
Wield which item (- for none, * to show all)? (? for menu, Esc to quit)
Your +3 dagger of venom stops dripping with poison.
It bursts into flame!
f - a +2 scythe of flaming (weapon)
You slash the orc! You burn the orc.
You kill the orc!
The hill giant hits you with a giant club!! x2
* * * LOW HITPOINT WARNING * * *
The orc hits you but does no damage.
You closely miss the orc.
The hill giant hits you with a giant club!
You die...
Your body crumbles into a pile of gold.

#.# #.# #.# # #.#
## ########## #.#
.# #........# #.#
.## #........# #.#
..###......).###o#
...............C@#
#.###........#####
#..##........#
##.##........#
#.##........#
##.##...∩....#
.....#####.###
.....#..[)[).#
.....#.......#


You could see a hill giant and an orc.

Vanquished Creatures
  The ghost of Duffy the Basher, a novice VSFi of Cheibriados (D:9)
  An unseen horror (D:10)
  2 hill giants (D:10)
  Maurice (D:10)
  A komodo dragon (D:8)
  A troll (D:10)
  Grinder (D:4)
  Sigmund (D:2)
  2 wyverns
  Eustachio (D:5)
  7 yaks
  2 vampire mosquitoes (D:9)
  Menkaure (D:4)
  A soldier ant (D:10)
  3 ice beasts
  A sky beast (D:9)
  5 orc warriors
  3 black bears
  2 phantoms
  7 ogres
  A wasp (D:10)
  A necrophage (D:11)
  5 centaurs
  A crocodile (D:8)
  4 big kobolds
  6 giant frogs
  2 gnoll sergeants
  23 killer bees
  4 scorpions
  5 wights (D:8)
  7 crimson imps
  A centaur zombie (D:5)
  A giant frog zombie (D:9)
  8 hounds
  3 giant frog skeletons
  4 orc priests
  7 jellies
  13 orc wizards
  3 iguanas
  3 worker ants
  2 hound skeletons
  A worker ant zombie (D:6)
  10 gnolls
  11 adders
  4 shadow imps
  13 oozes
  An adder zombie (D:9)
  An adder skeleton (D:7)
  5 giant geckos
  42 orcs
  4 ball pythons
  5 giant cockroaches
  12 goblins
  12 hobgoblins
  15 jackals
  26 kobolds
  7 quokkas
  7 bats
  5 giant newts
  2 goblin skeletons (D:6)
  A goblin zombie (D:6)
  2 hobgoblin zombies (D:6)
  A kobold skeleton (D:6)
  A kobold zombie (D:6)
  2 orc zombies (D:6)
  5 rats
  A fungus (D:1)
344 creatures vanquished.

Vanquished Creatures (collateral kills)
  5 yaks (D:11)
5 creatures vanquished.

Vanquished Creatures (others)
  4 fungi (D:9)
  18 plants (D:8)
22 creatures vanquished.

Grand Total: 371 creatures vanquished

Notes
Turn   | Place    | Note
--------------------------------------------------------------
     0 | D:1      | Chiseanne the Centaur Air Elementalist began the quest for the Orb.
     0 | D:1      | Reached XP level 1. HP: 14/14 MP: 3/3
   212 | D:1      | Reached skill level 1 in Fighting
   255 | D:1      | Reached XP level 2. HP: 20/23 MP: 4/4
  1099 | D:1      | Reached XP level 3. HP: 22/30 MP: 5/5
  1528 | D:1      | Reached skill level 3 in Fighting
  1913 | D:2      | Noticed Sigmund
  2304 | D:2      | Reached XP level 4. HP: 25/40 MP: 0/6
  2523 | D:2      | Reached skill level 4 in Fighting
  2533 | D:2      | Found a snail-covered altar of Cheibriados.
  2859 | D:2      | Found a glowing golden altar of the Shining One.
  3201 | D:3      | Found a white marble altar of Elyvilon.
  3205 | D:3      | Learned a level 2 spell: Repel Missiles
  3210 | D:3      | Learned a level 3 spell: Static Discharge
  4030 | D:3      | Reached XP level 5. HP: 41/47 MP: 7/7
  4304 | D:2      | Killed Sigmund
  4304 | D:2      | Reached skill level 5 in Fighting
  4304 | D:2      | Reached XP level 6. HP: 29/56 MP: 4/10
  4823 | D:4      | Noticed Menkaure
  4826 | D:4      | Killed Menkaure
  4955 | D:4      | Noticed Grinder
  4960 | D:4      | Paralysed by something for 3 turns
  5018 | D:4      | Reached XP level 7. HP: 33/61 MP: 12/12
  5211 | D:4      | Killed Grinder
  5869 | D:4      | Reached skill level 6 in Fighting
  6300 | D:5      | Entered Level 5 of the Dungeon
  6888 | D:5      | Found a staircase to the Ecumenical Temple.
  6980 | Temple   | Entered the Ecumenical Temple
  7024 | Temple   | Became a worshipper of Gozag Ym Sagoz the Greedy
  7168 | D:5      | Reached skill level 5 in Spellcasting
  7242 | D:5      | Reached XP level 8. HP: 55/71 MP: 15/15
  7269 | D:5      | Found Zokhly's Antique Armour Emporium.
  7269 | D:5      | Noticed Eustachio
  7281 | D:5      | Killed Eustachio
  7884 | D:5      | Reached skill level 7 in Fighting
  8107 | D:6      | Found a deep blue altar of Sif Muna.
  8156 | D:6      | Found a basalt altar of Yredelemnul.
  8158 | D:6      | Gained mutation: You are partially covered in iridescent scales (AC +4). [potion of beneficial mutation]
  8243 | D:6      | Found a glowing golden altar of the Shining One.
  8347 | D:6      | You fall through a shaft for 3 floors!
  8556 | D:9      | Found a basalt altar of Yredelemnul.
  8557 | D:9      | Noticed Duffy's ghost (novice VSFi)
  8662 | D:8      | Reached XP level 9. HP: 77/80 MP: 18/18
  8668 | D:8      | Learned a level 4 spell: Airstrike
  8997 | D:8      | Noticed Mygna's ghost (novice DrCj)
  9065 | D:7      | Found a shadowy altar of Dithmenos.
  9129 | D:7      | Reached skill level 8 in Fighting
  9455 | D:7      | Found a shimmering altar of Xom.
  9457 | D:7      | Found a glowing silver altar of Zin.
  9458 | D:7      | Noticed an angel
  9710 | D:6      | Found Henir's Weapon Boutique.
 10036 | D:6      | Got a pitted trident
 10049 | D:6      | Identified the +1 trident of Abuse {freeze, +Blink Int-3 Dex+2} (You found it on level 6 of the Dungeon)
 10096 | D:6      | Reached skill level 5 in Air Magic
 11551 | D:7      | Bought a thick robe for 153 gold pieces
 11574 | D:7      | Identified the cursed +1 robe of Faevvait {rF+ Str+4} (You bought it in a shop on level 7 of the Dungeon)
 11888 | D:8      | Noticed a komodo dragon
 11928 | D:8      | Killed a komodo dragon
 11928 | D:8      | Reached skill level 9 in Fighting
 12364 | D:8      | Found an oddly glowing altar of Pakellas.
 12434 | D:8      | Found a staircase to the Lair.
 12522 | D:9      | Reached XP level 10. HP: 67/91 MP: 21/21
 13996 | D:9      | Noticed an oklob plant
 14512 | D:9      | Killed Duffy's ghost
 14514 | D:9      | Reached skill level 10 in Fighting
 14843 | D:10     | Entered Level 10 of the Dungeon
 14849 | D:10     | Noticed Maurice
 14970 | D:10     | Killed Maurice
 15269 | D:10     | Bought a cursed -3 ring of intelligence for 30 gold pieces
 15526 | D:10     | Found Caopsak's Book Shop.
 15558 | D:10     | Reached XP level 11. HP: 76/101 MP: 23/23
 15771 | D:10     | Learned a level 4 spell: Summon Lightning Spire
 15811 | D:10     | Killed an unseen horror
 16621 | D:11     | Noticed a green ugly thing
 16634 | D:11     | Found Xykhueleda's Distillery.
 16635 | D:11     | Noticed a hill giant
 16810 | D:11     | Noticed a hill giant
 17092 | D:10     | Noticed a hill giant
 17102 | D:10     | Killed a hill giant
 17224 | D:10     | Bought the ring "Enotav" {Wiz rPois} for 618 gold pieces
 17235 | D:10     | Learned a level 5 spell: Lightning Bolt
 17338 | D:11     | Reached skill level 11 in Fighting
 18666 | D:10     | Killed a hill giant
 18726 | D:10     | HP: 3/102 [hill giant/giant club (29)]
 18727 | D:10     | Mangled by a hill giant

Vault maps used:
D:1:      dpeg_cavernosity, minmay_quantized
D:2:      marbit_many_paths, cheibriados_altar_1, lemuel_flame_loot_1,
          uniq_sigmund
D:3:      lemuel_crystal_altar, first_bread
D:4:      grunt_ministairs_2, uniq_menkaure, uniq_grinder
D:5:      minmay_temple_entry_fiery, serial_shops, kennysheep_little_box,
          lightli_minifort, uniq_eustachio
D:6:      serial_shops, shop, grunt_decor_cap, hangedman_feature_mirror,
          nicolae_tso_besieged_by_evil
D:7:      grunt_temple_overflow_order_and_chaos_1,
          nicolae_overflow_crystal_walls
D:8:      lemuel_round_altar, david_lair_shrubbed
D:9:      lemuel_slime, lemuel_doored_altar
D:10:     serial_shops, shop, uniq_maurice
D:11:     david_orc_4, serial_shops, shop
Temple:   circular_temple_pool_12

Action                   |  1- 3 |  4- 6 |  7- 9 | 10-12 || total
-------------------------+-------+-------+-------+-------++-------
Melee: Short sword       |    93 |       |       |       ||    93
       Mace              |    64 |    36 |       |       ||   100
       Long sword        |       |    59 |       |       ||    59
       Dagger            |       |    33 |   384 |   280 ||   697
       Rapier            |       |     1 |       |       ||     1
       Morningstar       |       |     7 |    24 |    87 ||   118
       Scythe            |       |     2 |    64 |    83 ||   149
       Whip              |       |       |       |    25 ||    25
 Fire: Blowgun           |       |       |       |    33 ||    33
Throw: Javelin           |       |     3 |     4 |     2 ||     9
 Cast: Shock             |    25 |     9 |    27 |    41 ||   102
       Repel Missiles    |       |     1 |       |       ||     1
       Static Discharge  |       |       |     8 |    33 ||    41
       Summon Lightning  |       |       |       |     2 ||     2
Invok: Call Merchant     |       |       |     1 |     1 ||     2
Evoke: Wand              |       |       |     1 |    22 ||    23
  Use: Scroll            |     7 |     8 |     8 |     8 ||    31
       Potion            |       |       |     4 |       ||     4
 Stab: Sleeping          |     1 |       |       |       ||     1
       Distracted        |       |       |       |     3 ||     3
  Eat: Chunk             |     4 |     6 |     4 |       ||    14
       Fruit             |       |       |     3 |       ||     3
       Pizza             |       |       |     3 |       ||     3
       Beef jerky        |       |       |     5 |       ||     5
       Bread ration      |       |       |     1 |     3 ||     4
       Royal jelly       |       |       |     1 |       ||     1
       Meat ration       |       |       |       |     1 ||     1
